 Dungeon Crawl Stone Soup version 0.20.1-1-g8b1a95d (webtiles) character file.

9318 dtsj89 the Protected (level 11, 0/71 HPs)
             Began as a Gargoyle Fighter on Aug 22, 2017.
             Was a High Priest of Okawaru.
             Slain by a white ugly thing (2 damage)
             ... on level 10 of the Dungeon.
             The game lasted 00:30:05 (9230 turns).

dtsj89 the Protected (Gargoyle Fighter)             Turns: 9230, Time: 00:30:05

Health: 0/71       AC: 23    Str: 19    XL:     11   Next: 44%
Magic:  16/16      EV:  5    Int: 13    God:    Okawaru [*****.]
Gold:   663        SH: 11    Dex: 11    Spells: 10/10 levels left

rFire    . . .     SeeInvis +   B - +0 flail (protect)
rCold    . . .     Gourm    .   c - +0 shield
rNeg     + . .     Faith    .   i - +0 plate armour
rPois    ∞         Spirit   .   (no helmet)
rElec    +         Reflect  .   (no cloak)
rCorr    .         Harm     .   I - +0 pair of gloves
MR       .....                  (no boots)
Stlth    ..........             y - amulet of magic regeneration
Regen    0.3/turn               q - ring of see invisible
MPRegen  0.3/turn               C - +2 ring of dexterity

@: no status effects
A: negative energy resistance 1, electricity resistance, unbreathing,
petrification resistance, rot immunity, AC +7
a: Heroism, Finesse, Renounce Religion


You were on level 10 of the Dungeon.
You worshipped Okawaru.
Okawaru was extremely pleased with you.
You were not hungry.

You visited 2 branches of the dungeon, and saw 14 of its levels.

You collected 663 gold pieces.

Inventory:

Hand Weapons
 B - a +0 flail of protection (weapon)
Armour
 c - a +0 shield (worn)
 i - a +0 plate armour (worn)
 I - a +0 pair of gloves (worn)
Jewellery
 q - a ring of see invisible (left hand)
 s - an uncursed amulet of rage
 y - an amulet of magic regeneration (around neck)
 C - a +2 ring of dexterity (right hand)
Wands
 o - a wand of iceblast (7/15)
 H - a wand of lightning (7/15)
 J - a wand of random effects (31/48)
 K - a wand of random effects (22/48)
Scrolls
 a - a scroll of remove curse
 h - a scroll of magic mapping
 j - a scroll of vulnerability {unknown}
 m - 3 scrolls of teleportation
 p - a scroll of identify
 x - a scroll of holy word {unknown}
 A - 2 scrolls of enchant armour {unknown}
 D - 2 scrolls of fog
 L - 2 scrolls of immolation {unknown}
Potions
 b - 5 potions of curing
 d - a potion of might
 e - a potion of magic
 k - a potion of ambrosia
 l - a potion of heal wounds
 n - a potion of resistance
 t - 2 potions of lignification {unknown}
 u - 2 potions of mutation
 w - a potion of flight {unknown}
Books
 z - a book of Misfortune

   Spells                             Type                      Level
   a - Confusing Touch                Hexes                        1
   b - Confuse                        Hexes                        3
   c - Gell's Gravitas                Translocation                3
   d - Petrify                        Transmutation/Earth          4
   e - Metabolic Englaciation         Hexes/Ice                    5
   f - Yara's Violent Unravelling     Hexes/Transmutation          5
 E - a book of Debilitation

   Spells                             Type                      Level
   a - Corona                         Hexes                        1
   b - Slow                           Hexes                        2
   c - Inner Flame                    Hexes/Fire                   3
   d - Portal Projectile              Hexes/Translocation          3
   e - Cause Fear                     Hexes                        4
   f - Leda's Liquefaction            Hexes/Earth                  4
 F - a book of Cantrips

   Spells                             Type                      Level
   a - Confusing Touch                Hexes                        1
   b - Animate Skeleton               Necromancy                   1
   c - Summon Small Mammal            Summoning                    1
   d - Apportation                    Translocation                1
Comestibles
 f - a bread ration
 g - 4 meat rations
 r - 5 fruits
 v - 4 royal jellies
 G - 2 chunks of flesh


   Skills:
 + Level 9.1 Fighting
 + Level 9.1 Maces & Flails
 + Level 9.4 Armour
 + Level 9.3 Shields
 + Level 7.5 Invocations


You had 10 spell levels left.
You didn't know any spells.

Dungeon Overview and Level Annotations

Branches:
Dungeon (13/15)            Temple (1/1) D:4            Lair (0/6) D:11
 Vaults (0/5) D:13
    Orc: D:9-12

Altars:
Cheibriados
Dithmenos
Elyvilon
Fedhas
Gozag
Kikubaaqudgha
Makhleb
Nemelex Xobeh
Okawaru
Qazlal
Ru
Vehumet
Xom
Yredelemnul
The Shining One


Innate Abilities, Weirdness & Mutations

You are resistant to torment.
Your stone body is resilient. (AC +7)
You are immune to poison.
You resist negative energy. (rN+)
You are resistant to electric shocks. (rElec)
You can survive without breathing.
You are immune to petrification.
You are immune to rotting.


Message History

The white ugly thing trunk-slaps you. The white ugly thing freezes you!!
You climb upwards.
There is a stone staircase leading down here.
You are too injured to fight recklessly!
You thump the white ugly thing!
Your weapon exudes an aura of protection.
The white ugly thing is lightly wounded.
You block the white ugly thing's attack.
Your plate armour prevents you from hitting the white ugly thing.
The white ugly thing is lightly wounded.
You block the white ugly thing's attack.
Your shield and plate armour prevent you from hitting the white ugly thing.
The white ugly thing is lightly wounded.
The white ugly thing trunk-slaps you but does no damage.
You closely miss the white ugly thing.
The white ugly thing is lightly wounded.
The white ugly thing trunk-slaps you. The white ugly thing freezes you!!
* * * LOW HITPOINT WARNING * * *
The white ugly thing trunk-slaps you.
You die...

...# #.##.......# ...#
#.##......####.##.## .(.#
#................ .
..####.####....##.#..#.# ..#
#..####(.........#.# ..#
#..#...(...##.#..... ###
#####.##.#.(...##.#..#### #..
......#..#.#............# #.#
#####..)..(..>.u@..(...########.#
#####...............#..##........
....(....#.##.................##.
##.##.##....#.............###.##.
#.##...............#..##........
#.......###................#....
######...####.................#.
#...# ###...#####.#####... #...#
##### #.......#.


You could see a white ugly thing.

Vanquished Creatures
  Erolcha (D:9)
  A two-headed ogre (D:11)
  The ghost of skelma the Thaumaturge, a novice DESu of Sif Muna (D:10)
  The ghost of Berahthraban the Ducker, a novice HuCj (D:8)
  The ghost of Berahthraban the Conjurer, a novice HuCj (D:7)
  A hornet (D:9)
  Prince Ribbit (D:8)
  A hippogriff (D:8)
  4 yaks (D:10)
  A wyvern (D:10)
  Grum (D:8)
  A water moccasin (D:7)
  A porcupine (D:11)
  3 orc warriors
  3 sky beasts
  An ice beast (D:10)
  7 ogres
  A black bear (D:6)
  4 wolves (D:8)
  4 centaurs
  2 crocodiles
  6 bullfrogs
  6 big kobolds
  Blork the orc (D:4)
  3 scorpions
  6 killer bees (D:9)
  2 howler monkeys (D:4)
  4 wights (D:8)
  5 crimson imps
  A centaur zombie (D:7)
  A bullfrog zombie (D:6)
  4 jellies
  A quasit (D:5)
  4 hounds
  4 orc priests
  A bullfrog skeleton (D:9)
  6 orc wizards
  An iguana (D:5)
  6 worker ants
  2 howler monkey zombies (D:5)
  A howler monkey skeleton (D:10)
  7 adders
  6 gnolls (D:4)
  2 shadow imps
  6 oozes
  An adder skeleton (D:4)
  A worm (D:2)
  10 leopard geckos
  21 orcs
  8 bats
  4 giant cockroaches
  8 hobgoblins
  5 jackals (D:7)
  2 quokkas
  A ball python (D:1)
  10 frilled lizards
  8 goblins
  2 jackal skeletons
  55 kobolds
  4 rats
267 creatures vanquished.

Vanquished Creatures (others)
  2 plants (D:11)
2 creatures vanquished.

Grand Total: 269 creatures vanquished

Notes
Turn   | Place    | Note
-------+----------+-------------------------------------------
     0 | D:1      | dtsj89 the Gargoyle Fighter began the quest for the Orb.
     0 | D:1      | Reached XP level 1. HP: 14/14 MP: 1/1
   102 | D:1      | Reached XP level 2. HP: 19/19 MP: 2/2
   596 | D:2      | Reached XP level 3. HP: 23/23 MP: 3/3
  1095 | D:2      | Found an opulent altar of Gozag.
  1095 | D:2      | Found a shadowy altar of Dithmenos.
  1100 | D:2      | Found a faded altar of an unknown god.
  1102 | D:2      | Found a faded altar of an unknown god.
  1103 | D:2      | Found a shimmering altar of Xom.
  1372 | D:3      | Reached XP level 4. HP: 23/28 MP: 4/4
  2013 | D:4      | Found a staircase to the Ecumenical Temple.
  2023 | Temple   | Entered the Ecumenical Temple
  2041 | Temple   | Became a worshipper of Warmaster Okawaru
  2060 | D:4      | Noticed Blork the orc
  2073 | D:4      | Killed Blork the orc
  2073 | D:4      | Reached XP level 5. HP: 20/32 MP: 5/5
  2080 | D:4      | Noticed an ogre
  2102 | D:4      | Killed an ogre
  2102 | D:4      | Reached * piety under Okawaru
  2102 | D:4      | Reached XP level 6. HP: 7/38 MP: 6/6
  2402 | D:4      | Reached skill level 5 in Maces & Flails
  2567 | D:4      | Reached XP level 7. HP: 25/44 MP: 7/7
  3142 | D:4      | Reached skill level 5 in Shields
  3362 | D:4      | Reached ** piety under Okawaru
  3362 | D:4      | Reached skill level 5 in Armour
  3448 | D:4      | Reached skill level 5 in Fighting
  3701 | D:4      | Reached XP level 8. HP: 26/49 MP: 8/8
  3799 | D:5      | Entered Level 5 of the Dungeon
  4248 | D:5      | Found a snail-covered altar of Cheibriados.
  4248 | D:5      | Found a burning altar of Makhleb.
  4444 | D:5      | Reached skill level 1 in Invocations
  4633 | D:5      | Got a creamy pearl robe
  4644 | D:5      | Identified the +1 robe "Reusoent" {-Cast Str+5 Dex+4} (You found it on level 5 of the Dungeon)
  5089 | D:6      | Found a blossoming altar of Fedhas.
  5222 | D:6      | Reached *** piety under Okawaru
  5327 | D:7      | Noticed Berahthraban's ghost (novice HuCj)
  5348 | D:7      | Killed Berahthraban's ghost
  5348 | D:7      | Reached XP level 9. HP: 40/55 MP: 11/11
  5814 | D:7      | Reached **** piety under Okawaru
  6170 | D:8      | Noticed Berahthraban's ghost (novice HuCj)
  6230 | D:8      | Killed Berahthraban's ghost
  6230 | D:8      | Reached skill level 5 in Invocations
  6588 | D:8      | Reached XP level 10. HP: 63/63 MP: 13/13
  6828 | D:8      | Noticed Grum
  6862 | D:8      | Killed Grum
  6898 | D:8      | Reached ***** piety under Okawaru
  7394 | D:8      | Noticed Prince Ribbit
  7423 | D:8      | Killed Prince Ribbit
  8018 | D:9      | Received a gift from Okawaru
  8021 | D:9      | Got a slimy ring mail {god gift}
  8032 | D:9      | Identified the +0 ring mail of the Shoals {rC+ rN+ Str+5} (Okawaru gifted it to you on level 9 of the Dungeon)
  8156 | D:9      | Noticed Erolcha
  8165 | D:9      | Killed Erolcha
  8181 | D:9      | Reached XP level 11. HP: 61/69 MP: 10/16
  8487 | D:10     | Entered Level 10 of the Dungeon
  8664 | D:10     | You fall through a shaft for 3 floors!
  8664 | D:13     | Found a gate to the Vaults.
  8664 | D:13     | Noticed a yaktaur captain
  8914 | D:11     | Noticed a two-headed ogre
  8915 | D:11     | Noticed a white ugly thing
  8933 | D:10     | Noticed skelma's ghost (novice DESu)
  8988 | D:10     | Killed skelma's ghost
  9216 | D:11     | Killed a two-headed ogre
  9227 | D:10     | HP: 1/71 [white ugly thing (21)]
  9230 | D:10     | Slain by a white ugly thing

Skill      XL: |  1  2  3  4  5  6  7  8  9 10 11 |
---------------+----------------------------------+-----
Maces & Flails | 3 4 5 6 7 8 9 |  9.1
Armour         | 4 5 6 7 8 9 |  9.4
Shields        | 4 5 6 7 8 9 |  9.3
Fighting       | 4 5 6 7 8 9 |  9.1
Invocations    | 3 5 6 7 |  7.5

Action                   |  1- 3 |  4- 6 |  7- 9 | 10-12 || total
-------------------------+-------+-------+-------+-------++-------
Melee: Flail             |   179 |   200 |   894 |   681 ||  1954
Invok: Heroism           |       |       |     3 |     7 ||    10
       Finesse           |       |       |       |     1 ||     1
  Use: Scroll            |       |       |     5 |     7 ||    12
       Potion            |       |       |     1 |       ||     1
  Eat: Chunk             |     2 |     4 |    10 |     4 ||    20
       Bread ration      |       |       |     1 |     2 ||     3
       Fruit             |       |       |     1 |       ||     1
Armor: Scale mail        |    20 |       |       |       ||    20
       Plate armour      |   104 |   180 |   692 |   381 ||  1357
Dodge: Dodged            |    44 |    67 |   241 |   158 ||   510
Block: Shield            |    97 |   152 |   517 |   364 ||  1130
